 Dungeon Crawl Stone Soup version 0.29-a0-219-g0a02b1cf4f (webtiles) character file.

Game seed: 7483054395952533949

1297 sammy202020 the Ruffian (level 8, -9/117 (120) HPs)
             Began as a Troll Berserker on Feb 26, 2022.
             Was a Priest of Trog.
             Mangled by a wight
             ... wielding a +2 halberd of distortion
              (14 damage)
             ... on level 6 of the Dungeon.
             The game lasted 00:05:36 (2417 turns).

sammy202020 the Ruffian (Troll Berserker)           Turns: 2417, Time: 00:05:37

HP:   -9/117 (120)  AC:  4    Str: 26    XL:     8   Next: 31%
MP:   7/7           EV: 11    Int:  5    God:    Trog [***...]
Gold: 171           SH:  0    Dex:  9    Spells: 7/7 levels left

rFire   . . .      SeeInvis .     - Unarmed
rCold   . . .      Faith    .   (no shield)
rNeg    . . .      Spirit   .   a - +0 animal skin
rPois   .          Reflect  .   (helmet restricted)
rElec   .          Harm     .   (no cloak)
rCorr   .          Rampage  .   (gloves unavailable)
Will    ++...                   (boots unavailable)
Stlth   ..........              (no amulet)
HPRegen 2.09/turn               (no ring)
MPRegen 0.10/turn               (no ring)

@: berserking, strong-willed, regenerating, lightly drained, very quick
A: large, unfitting armour, claws 3, regeneration 1, shaggy fur 1, tough skin 1
a: Renounce Religion, Berserk, Trog's Hand


You were on level 6 of the Dungeon.
You worshipped Trog.
Trog was most pleased with you.
You visited 1 branch of the dungeon, and saw 4 of its levels.

You collected 171 gold pieces.

Inventory:

Armour
 a - a +0 animal skin (worn)
Wands
 j - a wand of flame (27)
Scrolls
 g - a scroll of enchant weapon
 h - a scroll of blinking
 i - a scroll of immolation {unknown}
 k - 2 scrolls of teleportation
Potions
 b - a potion of cancellation {unknown}
 c - 4 potions of ambrosia {unknown}
 d - 4 potions of brilliance {unknown}
 e - 2 potions of heal wounds {unknown}
 f - 3 potions of curing {unknown}


   Skills:
 + Level 5.3 Fighting
 - Level 2.0 Armour
 + Level 5.2 Dodging
 + Level 6.3 Unarmed Combat


You had 7 spell levels left.
You didn't know any spells.
Your spell library was empty.

Dungeon Overview and Level Annotations

Branches:
Dungeon (3/15)             Temple (0/1) D:6

Altars:
The Shining One


Innate Abilities, Weirdness & Mutations

You are too large for most types of armour.
You have claws for hands.
Your natural rate of healing is unusually fast.
You are covered in fur. (AC +1)
You have tough skin. (AC +1)


Message History

The steam dragon claws you but does no damage.
You closely miss the steam dragon. You claw the steam dragon.
The steam dragon is almost dead.
You claw the steam dragon!
You kill the steam dragon!
Trog accepts your kill.
The wight hits you from afar with a +2 halberd of distortion.
The ogre hits you with a +0 giant club.
Your life force feels restored.
Your Fighting skill increases to level 5!
Your Dodging skill increases to level 5!
Your Unarmed Combat skill increases to level 6!
You barely miss the wight.
The wight is severely damaged.
The wight hits you from afar with a +2 halberd of distortion!!
* * * LOW HITPOINT WARNING * * *
You feel drained.
* * * LOW HITPOINT WARNING * * *
You claw the ogre!
The ogre is severely wounded.
The ogre hits you with a +0 giant club!!
* * * LOW HITPOINT WARNING * * *
The wight hits you with a +1 dagger!
* * * LOW HITPOINT WARNING * * *
You mangle the ogre!!
You kill the ogre!
Trog accepts your kill. The wight barely misses you.
Your life force feels restored.
You claw the wight!
You destroy the wight!
Trog accepts your kill. The wight barely misses you.
Things that are here:
a +1 dagger; a +0 robe You barely miss the wight.
The wight hits you with a +2 halberd of distortion!
* * * LOW HITPOINT WARNING * * *
You feel drained. Space warps horribly around you!
You die...

................#
................##
.#...............#
.................#
...##.###...)....#
...... ##.......#
(.>### #.......#
.#### #.......#
....## #.....)@#
###..###
###...z.##
##..[### #####..#
###.>.### ##)#
###...#### #.#
###....###.#
####...#.#
###...### ###...#


You could see a wight.

Vanquished Creatures
  Sigmund (D:2)
  A steam dragon (D:6)
  An ice beast (D:6)
  A necrophage (D:3)
  2 ogres (D:6)
  A centaur (D:6)
  2 scorpions
  2 wights (D:6)
  A crimson imp (D:3)
  A jelly (D:6)
  An orc priest (D:6)
  An iguana (D:6)
  Natasha (thrice) (D:3)
  Robin (D:3)
  3 gnolls (D:2)
  8 adders
  A worm (D:2)
  2 dart slugs (D:1)
  6 ball pythons
  4 endoplasms
  5 giant cockroaches
  16 goblins
  5 hobgoblins
  4 jackals (D:2)
  A quokka (D:3)
  4 bats
  4 frilled lizards
  A goblin skeleton (D:3)
  A goblin zombie (D:3)
  A hobgoblin zombie (D:3)
  4 kobolds
  A kobold skeleton (D:3)
  2 kobold zombies (D:3)
  3 orc skeletons (D:3)
  6 rats
101 creatures vanquished.

Notes
Turn   | Place    | Note
-------+----------+-------------------------------------------
     0 | D:1      | sammy202020 the Troll Berserker began the quest for the
                  | Orb.
     0 | D:1      | Reached XP level 1. HP: 22/22 MP: 0/0
   195 | D:1      | Reached XP level 2. HP: 27/29 MP: 1/1
   365 | D:1      | Reached ** piety under Trog
   378 | D:1      | Reached XP level 3. HP: 32/36 MP: 2/2
   389 | D:1      | Reached skill level 1 in Armour
   750 | D:2      | Noticed Sigmund
   758 | D:2      | Killed Sigmund
   759 | D:2      | Reached skill level 4 in Unarmed Combat
   759 | D:2      | Reached XP level 4. HP: 37/45 MP: 3/3
   759 | D:2      | Reached XP level 5. HP: 44/53 MP: 4/4
   967 | D:2      | Found a faded altar of an unknown god.
  1533 | D:2      | Reached XP level 6. HP: 58/61 MP: 5/5
  1682 | D:3      | Noticed Robin
  1687 | D:3      | Reached *** piety under Trog
  1693 | D:3      | Killed Robin
  1777 | D:3      | Noticed Natasha
  1789 | D:3      | Killed Natasha
  1808 | D:3      | Found a glowing golden altar of the Shining One.
  1815 | D:3      | Noticed Natasha
  1846 | D:3      | Killed Natasha
  1857 | D:3      | Noticed Natasha
  1922 | D:3      | Reached skill level 5 in Unarmed Combat
  1922 | D:3      | Reached XP level 7. HP: 63/70 MP: 6/6
  2116 | D:3      | Killed Natasha
  2163 | D:3      | You fall into a shaft and drop 3 floors!
  2269 | D:6      | Found a staircase to the Ecumenical Temple.
  2280 | D:6      | Reached **** piety under Trog
  2339 | D:6      | Reached XP level 8. HP: 56/79 MP: 7/7
  2412 | D:6      | Reached skill level 5 in Fighting
  2412 | D:6      | Reached skill level 5 in Dodging
  2412 | D:6      | Reached skill level 6 in Unarmed Combat
  2417 | D:6      | HP: 5/120 [wight/+2 halberd of distortion (7)]
  2417 | D:6      | Mangled by a wight

Illustrated notes

Levels and vault maps discovered:
D:1:      dpeg_arrival_prison, layout_loops_cross, minmay_liquid_box,
          minmay_tetromino_t4
D:2:      layout_loops_corners, dilly_ecumenical_altar_fadedgnrine, uniq_sigmund
D:3:      layout_loops_ring, nicolae_tso_besieged_by_evil,
          mainiacjoe_overflow_alcove_2, uniq_robin, uniq_natasha, uniq_terence,
          uniq_crazy_yiuf_cottage
D:6:      layout_rooms, nemelex_altar_shiori, minmay_temple_entry_proselytizer,
          grunt_ministairs_10, hellmonk_bongcloud_opening

Skill      XL: |  1  2  3  4  5  6  7  8 |
---------------+-------------------------+-----
Armour         | 2 |  2.0
Fighting       | 3 4 5 |  5.3
Dodging        | 3 4 5 |  5.2
Unarmed Combat | 4 5 6 |  6.3

Action                   |  1- 3 |  4- 6 |  7- 9 || total
-------------------------+-------+-------+-------++-------
Melee: Unarmed           |    79 |   160 |    76 ||   315
       Punch             |     3 |     2 |     2 ||     7
Invok: Berserk           |       |     1 |     1 ||     2
       Trog's Hand       |       |     1 |     1 ||     2
  Use: Scroll            |       |     5 |       ||     5
Armor: Animal skin       |    32 |    68 |    19 ||   119
Dodge: Dodged            |    41 |    99 |    41 ||   181

Table legend: (Time is in decaauts)
 A = Elapsed time spent in this place.
 B = Non-inter-level travel time spent in this place.
 C = Inter-level travel time spent in this place.
 D = Time resting spent in this place.
 E = Time spent auto-exploring this place.
 F = Levels seen in this place.
 G = Mean time per level.
                   A        B        C        D        E       F      G
               +--------+--------+--------+--------+--------+-----+--------+
         Total |   2418 |   2364 |     54 |      0 |   1688 |   4 |  604.5 |
       Dungeon |   2418 |   2364 |     54 |      0 |   1688 |   4 |  604.5 |
               +--------+--------+--------+--------+--------+-----+--------+

Top non-repeatable levels by time:
     D:2: 1003 daAuts
     D:1: 666 daAuts
     D:3: 502 daAuts
     D:6: 245 daAuts
